 Dungeon Sprint DCSS version 0.30.1-11-g7821555f0a (webtiles) character file.

Game seed: 3033528836860684376

3093 Groucho the Unseen (level 9, 0/50 HPs)
             Began as a Spriggan Enchanter on Jan 2, 2024.
             Was a Follower of Dithmenos.
             Shot with a bolt by a yaktaur (32 damage)
             ... in the Dungeon (Sprint II: "The Violet Keep of Menkaure").
             The game lasted 00:07:22 (1008 turns).

Groucho the Unseen (Spriggan Enchanter)             Turns: 1008, Time: 00:07:24

Health: 0/50       AC:  2    Str:  4    XL:     9   Next: 59%
Magic:  16/20      EV: 21    Int: 20    God:    Dithmenos [*.....]
Gold:   225        SH:  0    Dex: 16    Spells: 8/22 levels left

rFire   . . .        a - +1 dagger
rCold   . . .        (no shield)
rNeg    . . .        b - +0 robe
rPois   .            (helmet restricted)
rElec   .            (no cloak)
rCorr   .            (gloves unavailable)
SInv    +            (boots unavailable)
Will    +....        (no amulet)
Stlth   +++++++      f - ring of flight
HPRegen 0.28/turn    (no ring)
MPRegen 0.17/turn

%: no teleportation
@: flying, slowed, wreathed by umbra, invisible (expiring), quick
A: very small, no large weapons, unfitting armour, see invisible, speed 3
a: Renounce Religion


You were in the Dungeon.
You worshipped Dithmenos.
Dithmenos was aware of your devotion.
You visited 1 branch You collected 972 gold pieces.
You spent 747 gold pieces at shops.

Inventory:

Hand Weapons
 a - a +1 dagger (weapon)
Armour
 b - a +0 robe (worn)
Jewellery
 f - a ring of flight (left hand)
Scrolls
 i - a scroll of blinking
 j - a scroll of immolation {unknown}
Potions
 d - a potion of curing
 g - 2 potions of magic
 h - a potion of berserk rage


   Skills:
 - Level 7.0 Fighting
 - Level 10.0 Short Blades
 - Level 7.0 Dodging
 - Level 15.0 Stealth
 - Level 7.0 Spellcasting
 * Level 4.8 Conjurations
 - Level 14.0 Hexes
 * Level 5.3 Fire Magic


You had 8 spell levels left.
You knew the following spells:

 Your Spells              Type           Power      Damage    Failure   Level
a - Ensorcelled Hibernat  Hex/Ice        70%        N/A       1%          2
b - Confusing Touch       Hex            58%        N/A       1%          3
c - Dazzling Flash        Conj/Hex       88%        N/A       1%          3
d - Starburst             Conj/Fire      13%        6d6       87%         6

Your spell library contained the following spells:

 Spells                   Type           Power      Damage    Failure   Level
 Tukima's Dance           Hex            58%        N/A       1%          3
 Volatile Blastmotes      Fire/Tloc      34%        2d12      10%         3
 Iskenderun's Mystic Bla  Conj/Tloc      16%        2d5       34%         4


Dungeon Overview and Level Annotations

Branches:
Dungeon (1/1)

Altars:
Cheibriados
Dithmenos
Elyvilon
Fedhas
Gozag
Hepliaklqana
Kikubaaqudgha
Makhleb
Nemelex Xobeh
Okawaru
Qazlal
Ru
Sif Muna
Trog
Uskayaw
Vehumet
Wu Jian
Xom
Yredelemnul
Zin
The Shining One
Jiyva
Lugonu

Shops:
D (::?==[?!?*([!=

Annotations:
D exclusion: oklob plant


Innate Abilities, Weirdness & Mutations

You are very small and have problems with some larger weapons.
You are too small for most types of armour.
You have supernaturally acute eyesight. (SInv)
You cover ground extremely quickly. (Speed+++)


Message History

The water moccasin is lightly wounded.
The water moccasin completely misses you.
Unknown command.
Unknown command.
You catch the helpless water moccasin completely off-guard!
You perforate the water moccasin like a sieve!!!
You kill the water moccasin!
Dithmenos accepts your kill.
You are shrouded in an aura of darkness!
The hornet completely misses you. The yaktaur completely misses you.
Training target 7.0 for Fighting reached!
Your Fighting skill increases to level 7!
Unknown command.
You see here a water moccasin corpse.
Okay, then.
The yaktaur wields a +0 arbalest.
The yaktaur shoots a bolt.
The bolt hits the polar bear!!
The hornet completely misses you.
The polar bear growls angrily.
Casting: Confusing Touch (safe; 1% risk of failure)
Confirm with . or Enter, or press ? or * to list all spells.
Aiming: Ensorcelled Hibernation (safe; 1% risk of failure)
Press: ? - help, Shift-Dir - straight line, f - hornet
Aim: a hornet (unable to see you, umbra, chance to affect: 54%)
The hornet resists with significant effort.
You feel yourself speed up.
You flicker for a moment.
The hornet completely misses you.
The yaktaur shoots a bolt.
The bolt hits the polar bear!!
The hornet stings you!
You feel yourself slow down.
Unknown command.
Unknown command.
Casting: Ensorcelled Hibernation (safe; 1% risk of failure)
Confirm with . or Enter, or press ? or * to list all spells.
Aiming: Ensorcelled Hibernation (safe; 1% risk of failure)
Press: ? - help, Shift-Dir - straight line, f/p - hornet
Aim: a hornet (unable to see you, umbra, chance to affect: 54%)
The hornet resists with significant effort.
The hornet closely misses you.
The yaktaur shoots a bolt.
The bolt misses the hornet.
The bolt hits you!!
Ouch! That really hurt!
You die...

... +##.. #. #.##.#### +.###
#..#....# ...#### #.####..##
#..##$# [?$ '###.##..#
+..#.c#▓!!([$ .##.#.#..#
#..#..#▓[!?)"[
<.'###'..####..##y#▓$))$!(!
.##.#.#....###..@##▓▓▓▓▓▓▓+
'###.##..§...~~~~~~~~~~~~~
..####~~.§...~#'########+###
#..#~~~~~§~..~#_._.....#~~§#
#.##°~~~~§~~.~#._._....#S§§§
+##~○~≈≈§§§§~~#_._._...#§§~~
~~~°°~§§≈≈~~~#._._._..#§~S§
#'''#§§§§§≈§≈~#_._._._.#~~~§
°z ##≈≈§###§≈#._._._._#§~~~


You could see a yaktaur (unable to see you) and a hornet (unable to see you).

Vanquished Creatures
  2 boulder beetles (D)
  2 polar bears (D)
  4 flying skulls (D)
  2 wyverns (D)
  Menkaure (D)
  2 water moccasins (D)
  4 necrophages (D)
  A hell rat (D)
  2 worms (D)
20 creatures vanquished.

Notes
Turn   | Place    | Note
-------+----------+-------------------------------------------
     0 | D        | Groucho the Spriggan Enchanter began the quest for the Orb.
     0 | D        | Reached XP level 1. HP: 9/9 MP: 5/5
     3 | D        | Noticed a boulder beetle
     3 | D        | Noticed a boulder beetle
     6 | D        | Noticed a wyvern
     6 | D        | Noticed a wyvern
    15 | D        | Reached skill level 5 in Stealth
    20 | D        | Noticed a necrophage
    20 | D        | Noticed a necrophage
    20 | D        | Noticed a necrophage
    20 | D        | Noticed a necrophage
    24 | D        | Killed a necrophage
    25 | D        | Reached skill level 6 in Stealth
    25 | D        | Reached skill level 5 in Hexes
    25 | D        | Reached XP level 2. HP: 15/15 MP: 5/8
    25 | D        | Reached XP level 3. HP: 18/18 MP: 6/10
    25 | D        | Killed a necrophage
    26 | D        | Reached skill level 5 in Dodging
    26 | D        | Reached skill level 9 in Stealth
    26 | D        | Reached skill level 5 in Spellcasting
    26 | D        | Reached XP level 4. HP: 24/24 MP: 7/12
    33 | D        | Killed a necrophage
    34 | D        | Reached skill level 5 in Short Blades
    34 | D        | Reached skill level 10 in Stealth
    34 | D        | Reached XP level 5. HP: 30/30 MP: 7/13
    54 | D        | Reached skill level 5 in Fighting
    54 | D        | Reached skill level 12 in Stealth
   203 | D        | Learned a level 2 spell: Ensorcelled Hibernation
   207 | D        | Learned a level 3 spell: Confusing Touch
   213 | D        | Killed a wyvern
   214 | D        | Reached skill level 15 in Stealth
   214 | D        | Reached XP level 6. HP: 35/35 MP: 14/14
   216 | D        | Killed a wyvern
   217 | D        | Reached XP level 7. HP: 39/39 MP: 15/15
   229 | D        | Learned a level 3 spell: Dazzling Flash
   232 | D        | Killed a boulder beetle
   233 | D        | Reached skill level 10 in Short Blades
   233 | D        | Reached XP level 8. HP: 43/43 MP: 16/16
   235 | D        | Killed a boulder beetle
   249 | D        | Found Kostigg's Assorted Antiques.
   249 | D        | Found Zustre's Antique Armour Shop.
   249 | D        | Found Soxkuh's Distillery.
   249 | D        | Found Zagas's Jewellery Shop.
   249 | D        | Found Utoic's Magic Scroll Boutique.
   249 | D        | Found Uxadics's Antique Weapon Boutique.
   250 | D        | Found Opsennux's Magic Scroll Boutique.
   250 | D        | Found Ucsa's Antique Armour Shop.
   250 | D        | Found Iman Vay's Distillery.
   251 | D        | Found Loku's Jewellery Shop.
   251 | D        | Found Fuss's Jewellery Boutique.
   254 | D        | Noticed a shining eye
   255 | D        | Found Goteh's Magic Scroll Boutique.
   255 | D        | Noticed an oklob plant
   259 | D        | Found Pebes's Book Shop.
   259 | D        | Found Uryedaju's Book Shoppe.
   259 | D        | Found Viurchet's Antique Weapon Boutique.
   366 | D        | Noticed an ice dragon
   379 | D        | Noticed a shining eye
   381 | D        | Noticed a shining eye
   386 | D        | Bought a ring of flight for 227 gold pieces
   388 | D        | Bought a book of Spectacle for 520 gold pieces
   395 | D        | Learned a level 6 spell: Starburst
   405 | D        | Noticed a flying skull
   407 | D        | Noticed a flying skull
   416 | D        | Noticed a flying skull
   432 | D        | Killed a flying skull
   433 | D        | Reached skill level 1 in Conjurations
   433 | D        | Reached skill level 1 in Fire Magic
   433 | D        | Reached XP level 9. HP: 27/48 MP: 16/20
   700 | D        | Noticed Menkaure
   708 | D        | Killed Menkaure
   774 | D        | Found an iron altar of Okawaru.
   774 | D        | Found a radiant altar of Vehumet.
   775 | D        | Found a sparkling altar of Nemelex Xobeh.
   775 | D        | Found a hide-covered altar of Uskayaw.
   775 | D        | Found a glowing silver altar of Zin.
   776 | D        | Found an opulent altar of Gozag.
   776 | D        | Found a burning altar of Makhleb.
   776 | D        | Found a bloodstained altar of Trog.
   976 | D        | Found a basalt altar of Yredelemnul.
   977 | D        | Found a blossoming altar of Fedhas.
   977 | D        | Found a corrupted altar of Lugonu.
   977 | D        | Found a shimmering blue altar of Sif Muna.
   979 | D        | Found a white marble altar of Elyvilon.
   979 | D        | Found an ancient bone altar of Kikubaaqudgha.
   980 | D        | Found a shadowy altar of Dithmenos.
   980 | D        | Found a viscous altar of Jiyva.
   981 | D        | Found a snail-covered altar of Cheibriados.
   983 | D        | Found a shimmering altar of Xom.
   983 | D        | Found a sacrificial altar of Ru.
   983 | D        | Found a hazy altar of Hepliaklqana.
   983 | D        | Noticed a polar bear
   984 | D        | Found a glowing golden altar of the Shining One.
   984 | D        | Found an ornate altar of the Wu Jian Council.
   984 | D        | Found a stormy altar of Qazlal.
   984 | D        | Noticed a yaktaur
   989 | D        | Became a worshipper of Dithmenos the Shadowed
   998 | D        | Noticed a polar bear
   998 | D        | Noticed a polar bear
   999 | D        | Killed a polar bear
  1000 | D        | Killed a polar bear
  1001 | D        | Reached skill level 5 in Fire Magic
  1004 | D        | Reached * piety under Dithmenos
  1008 | D        | Shot with a bolt by a yaktaur

Illustrated notes

Levels and vault maps discovered:
D:        the_violet_keep_of_menkaure [sprint2_stairs_cluster_1,
          sprint2_shoproom, sprint2_temple, sprint2_basic_supplies,
          sprint2_obstacle_1, sprint2_obstacle_4, sprint2_obstacle_3,
          sprint2_obstacle_6, sprint2_obstacle_5, sprint2_timed_cluster_1,
          sprint2_smallroom_cluster_1, sprint2_smallroom_final_cluster_1,
          sprint2_transparent_cluster_1, sprint2_second_timed_cluster_1,
          sprint2_sniper_area_1, sprint2_heavy_combat_area_1,
          sprint2_mutation_trap_area_1, sprint2_forest_area_1,
          sprint2_light_combat_area_1, sprint2_behind_water_1,
          sprint2_near_end_vault_1]

Skill      XL: |  1  2  3  4  5  6  7  8  9 |
---------------+----------------------------+-----
Dodging        | 4 5 7 |  7.0
Spellcasting   | 4 5 6 7 |  7.0
Short Blades   | 3 4 5 7 10 | 10.0
Stealth        | 6 9 10 15 | 15.0
Hexes          | 5 6 7 11 14 | 14.0
Fighting       | 2 3 4 5 7 |  7.0
Conjurations   | 1 4 |  4.8
Fire Magic     | 1 5 |  5.3

Action                     |  1- 3 |  4- 6 |  7- 9 || total
---------------------------+-------+-------+-------++-------
  Melee: Dagger            |     5 |    28 |    38 ||    71
         Punch             |       |     1 |       ||     1
   Cast: Ensorcelled Hiber |       |       |     4 ||     4
         Confusing Touch   |       |       |     5 ||     5
    Use: Potion            |     2 |       |     2 ||     4
   Stab: Sleeping          |     4 |     2 |     6 ||    12
         Invisible         |     1 |     2 |     1 ||     4
         Confused          |       |       |     5 ||     5
 Armour: Robe              |       |     2 |     1 ||     3
  Dodge: Dodged            |       |     7 |    27 ||    34
